 Dungeon Crawl Stone Soup version 0.28.0-47-ge53b351184 (webtiles) character file.

Game seed: 14673617296873950524

1561 Zeld the Changer (level 8, -1/54 HPs)
             Began as an Octopode Transmuter on Apr 29, 2022.
             Was an Initiate of Gozag.
             Slain by a bullfrog (3 damage)
             ... on level 8 of the Dungeon.
             The game lasted 00:07:04 (7386 turns).

Zeld the Changer (Octopode Transmuter)              Turns: 7386, Time: 00:07:04

Health: -1/54      AC:  1    Str: 20    XL:     8   Next: 89%
Magic:  15/15      EV: 14    Int: 14    God:    Gozag
Gold:   462        SH:  5    Dex: 12    Spells: 2/17 levels left

rFire   + . .      SeeInvis +     - Unarmed
rCold   . . .      Faith    .   (no shield)
rNeg    . . .      Spirit   .   (helmet restricted)
rPois   +          Reflect  +   l - amulet "Quleunon" {Reflect rPois Will- Str+3 SH+5 SInv}
rElec   .          Harm     .   m - +6 ring of strength
rCorr   .          Rampage  .   a - ring of protection from fire
Will    .....                   (no ring)
Stlth   ++++......              (no ring)
HPRegen 0.18/turn               (no ring)
MPRegen 0.14/turn               (no ring)
                                (no ring)
                                (no ring)

@: no status effects
A: almost no armour, amphibious, 8 rings, camouflage 1, gelatinous body 1,
(nimble swimmer 1), tentacles, dopey 1, screaming 1
a: Renounce Religion, Potion Petition, Call Merchant, Bribe Branch


You were on level 8 of the Dungeon.
You worshipped Gozag.
Gozag was aware of your devotion.
You visited 2 branches of the dungeon, and saw 8 of its levels.

You collected 490 gold pieces.
You paid 28 gold pieces to Gozag.

Inventory:

Jewellery
 a - a ring of protection from fire (right tentacle)
 l - the amulet "Quleunon" (around mantle) {Reflect rPois Will- Str+3 SH+5 SInv}
   (You found it on level 8 of the Dungeon)

   [amulet of reflection]

   It reflects blocked missile attacks.
   Str:       It affects your strength (+3).
   rPois:     It protects you from poison.
   SInv:      It lets you see invisible.
   SH:        It affects your SH (+5).
   Will:      It decreases your willpower.
 m - a +6 ring of strength (left tentacle)
Scrolls
 e - a scroll of teleportation
 f - 2 scrolls of magic mapping
 o - a scroll of brand weapon {unknown}
 q - a scroll of enchant armour {unknown}
Potions
 d - a potion of heal wounds {unknown}
 g - a potion of might {unknown}
 h - a potion of haste {unknown}
 i - a potion of mutation {unknown}
 j - a potion of berserk rage {unknown}
 k - 2 potions of attraction {unknown}
 p - a potion of flight {unknown}


   Skills:
 + Level 3.7 Fighting
 + Level 4.0 Dodging
 + Level 4.8 Stealth
 + Level 4.6 Unarmed Combat
 * Level 5.1 Spellcasting
 * Level 5.5 Transmutations
 - Level 2.0 Ice Magic
 - Level 2.0 Poison Magic


You had 2 spell levels left.
You knew the following spells:

 Your Spells              Type           Power      Damage    Failure   Level
a - Beastly Appendage     Tmut           38%        N/A       1%          1
b - Wereblood             Tmut           19%        N/A       2%          2
c - Spider Form           Tmut/Pois      14%        N/A       11%         3
d - Ice Form              Ice/Tmut       14%        N/A       36%         4
e - Blade Hands           Tmut           9%         N/A       45%         5

Your spell library contained the following spells:

 Spells                   Type           Power      Damage    Failure   Level
 Ozocubu's Armour         Ice            9%         N/A       22%         3
 Gell's Gravitas          Tloc           3%         N/A       45%         3
 Lesser Beckoning         Tloc           3%         N/A       45%         3
 Portal Projectile        Hex/Tloc       6%         N/A       45%         3
 Teleport Other           Tloc           3%         N/A       45%         3
 Excruciating Wounds      Necr           1%         N/A       99%         5
 Ozocubu's Refrigeration  Ice            4%         4d5       100%        7


Dungeon Overview and Level Annotations

Branches:
Dungeon (9/15)             Temple (1/1) D:5
   Lair: D:8-11         Orc: D:9-12

Altars:
Ashenzari
Cheibriados
Elyvilon
Fedhas
Gozag
Kikubaaqudgha
Makhleb
Nemelex Xobeh
Okawaru
Qazlal
Ru
Sif Muna
Trog
Uskayaw
Vehumet
Xom
Zin
The Shining One
Beogh

Annotations:
D:4 3 runed translucent doors, Zeld's ghost, weakling MiFi
D:8 Harold; Pikel


Innate Abilities, Weirdness & Mutations

You cannot wear most types of armour.
You are amphibious.
You can wear up to eight rings at the same time.
Your skin changes colour to match your surroundings (Stealth+).
Your rubbery body absorbs attacks. (AC +1, EV +1)
((You are camouflaged when in or above water. (Stealth+)))
You have tentacles for arms and can constrict up to eight enemies at once.
You are dopey. (Int -2)
You occasionally shout uncontrollably at your foes.


Message History

A lemure comes into view.
Found a stone staircase leading down.
The orc completely misses you.
The lemure moves out of view.
The lemure shouts!
Found 7 gold pieces.
There is a stone staircase leading down here.
You block the lemure's attack. The orc barely misses you. The lemure hits you.
You climb downwards.
Found 6 poisoned darts.
There is a stone staircase leading up here.
The killer bee buzzes angrily. x3
The killer bee stings you. The lemure barely misses you.
The orc barely misses you.
The killer bee stings you but does no damage.
The killer bee buzzes angrily.
The killer bee misses you. The killer bee stings you.
You hear a howl!
You climb upwards.
Level annotation: Harold; Pikel The lemure hits you!
The lemure closely misses you. The lemure barely misses you.
The bullfrog barely misses you.
There is a stone staircase leading down, spattered with blood here.
Unknown command.
The lemure hits you.
* * * LOW HITPOINT WARNING * * *
The lemure hits you!
* * * LOW HITPOINT WARNING * * *
The lemure hits you but does no damage. The lemure hits you.
* * * LOW HITPOINT WARNING * * *
The lemure barely misses you.
Okay, then.
Okay, then.
A kobold comes into view. It is wielding a +0 short sword.
Pikel scowls and wipes his hands on his robe.
A kobold brigand and a kobold come into view.
The kobold brigand is wielding a +0 dagger and quivering poisoned darts. 2 kobolds come into view.
The bullfrog hits you.
You die...
Your body crumbles into a pile of gold.

##....## .......
.......##.........K.K..
##.....##............K#
#..........##.........#.
>#..........#.......K...
....#...!..>.........K..
#.K##...................
..###.....#5...5$.......
..#......>.#...F@#
.##....#..5.K..###
.......####...#.#
........ ##...#.#
......#. ...###...
....## . ..... ..# ...#
........ ### ##..#.... $
..##..#.


You could see Pikel, a kobold brigand (asleep), 3 lemures, a bullfrog and 4
kobolds.

Vanquished Creatures
  Eustachio (D:5)
  A water moccasin (D:5)
  A black bear (D:4)
  An ice beast (D:4)
  3 ogres
  A necrophage (D:5)
  A centaur (D:4)
  A phantom (D:5)
  2 scorpions (D:5)
  A water moccasin zombie (D:5)
  2 water moccasin skeletons
  A howler monkey (D:5)
  2 hounds
  A jelly (D:5)
  An iguana (D:4)
  A bullfrog skeleton (D:5)
  An orc wizard (D:4)
  2 howler monkey zombies
  3 adders
  An ufetubus (D:5)
  2 adder skeletons (D:4)
  3 worms (D:2)
  3 dart slugs
  5 orcs
  4 ball pythons
  5 bats
  8 endoplasms
  3 giant cockroaches
  5 goblins
  12 hobgoblins
  2 jackals
  3 quokkas
  3 frilled lizards
  8 kobolds
  8 rats
102 creatures vanquished.

Vanquished Creatures (others)
  A gnoll shaman (D:5)
  4 orcs (D:5)
5 creatures vanquished.

Grand Total: 107 creatures vanquished

Notes
Turn   | Place    | Note
-------+----------+-------------------------------------------
     0 | D:1      | Zeld the Octopode Transmuter began the quest for the Orb.
     0 | D:1      | Reached XP level 1. HP: 13/13 MP: 3/3
   455 | D:1      | Reached XP level 2. HP: 4/18 MP: 5/5
   458 | D:1      | Learned a level 2 spell: Wereblood
  1256 | D:2      | Reached skill level 1 in Stealth
  1435 | D:2      | Reached XP level 3. HP: 23/23 MP: 4/6
  1445 | D:2      | Learned a level 3 spell: Spider Form
  1498 | D:2      | Found a faded altar of an unknown god.
  2463 | D:3      | Reached skill level 1 in Poison Magic
  2463 | D:3      | Reached XP level 4. HP: 21/28 MP: 5/8
  2881 | D:3      | Reached XP level 5. HP: 33/33 MP: 9/9
  3429 | D:3      | Learned a level 4 spell: Ice Form
  3608 | D:3      | Found an iron altar of Okawaru.
  3619 | D:3      | Found a shimmering blue altar of Sif Muna.
  3622 | D:3      | Found a radiant altar of Vehumet.
  3622 | D:3      | Found an opulent altar of Gozag.
  3625 | D:3      | Found a blossoming altar of Fedhas.
  3632 | D:3      | Became a worshipper of Gozag Ym Sagoz the Greedy
  3796 | D:4      | Noticed an ogre
  3804 | D:4      | Killed an ogre
  3805 | D:4      | Reached XP level 6. HP: 39/39 MP: 6/10
  3894 | D:4      | Noticed a black bear
  3898 | D:4      | Noticed an ice beast
  4256 | D:4      | Found a runed translucent gate.
  4258 | D:4      | Noticed Zeld's ghost (weakling MiFi)
  4262 | D:4      | Found a runed translucent gate.
  4264 | D:4      | Found a runed translucent gate.
  4589 | D:4      | Killed a black bear
  4590 | D:4      | Reached skill level 1 in Ice Magic
  4915 | D:4      | Killed an ice beast
  4916 | D:4      | Reached XP level 7. HP: 41/45 MP: 8/12
  5290 | D:4      | Found a glowing silver altar of Zin.
  5744 | D:5      | Entered Level 5 of the Dungeon
  5861 | D:5      | Found a shimmering altar of Xom.
  5917 | D:5      | Reached XP level 8. HP: 51/51 MP: 14/14
  5968 | D:5      | Learned a level 5 spell: Blade Hands
  5974 | D:5      | Found a staircase to the Ecumenical Temple.
  5979 | Temple   | Entered the Ecumenical Temple
  6045 | D:5      | Noticed Eustachio
  6335 | D:5      | Killed Eustachio
  6338 | D:5      | Reached skill level 5 in Transmutations
  6873 | D:5      | Reached skill level 5 in Spellcasting
  6983 | D:5      | HP: 2/63 [poisoned by a water moccasin]
  6989 | D:5      | Gained mutation: You occasionally shout uncontrollably at
                  | your foes. [mutagenic glow]
  7013 | D:5      | Gained mutation: You are dopey. (Int -2) [mutagenic glow]
  7294 | D:5      | You fall into a shaft and drop 3 floors!
  7301 | D:8      | Identified the amulet "Quleunon" {Reflect rPois Will- Str+3
                  | SH+5 SInv}
  7319 | D:8      | Noticed Harold
  7358 | D:8      | Noticed Pikel
  7363 | D:9      | Noticed a two-headed ogre
  7363 | D:9      | Noticed a tengu conjurer
  7363 | D:9      | Noticed a tengu conjurer
  7380 | D:8      | HP: 1/54 [lemure[Pikel] (5)]
  7386 | D:8      | Slain by a bullfrog

Illustrated notes

Levels and vault maps discovered:
D:1:      minmay_arrival_three_doors, layout_rooms, minmay_misc_feat_tiny
D:2:      layout_basic, basic_ecumenical_altar, minmay_statues_item
D:3:      minmay_octagon_keep, layout_basic, minitemple, minmay_bisected
D:4:      minmay_recursive_quarters, layout_cave_pools,
          mainiacjoe_overflow_alcove_2, biasface_ghost_orc_armoury,
          chequers_serial_rivers_marsh
D:5:      cheibrodos_two_vegetables, layout_loops_ring, xom_confusion_cloud,
          minmay_temple_entry_butterflies, uniq_eustachio
D:8:      layout_layer_cave, minmay_misc_feat_tower, uniq_harold, uniq_pikel
D:9:      layout_roguey, lair_entry_dummy, minivault_16,
          hangedman_decor_diamond_cutter
Temple:   minmay_freezing_vapour_temple

Skill      XL: |  1  2  3  4  5  6  7  8 |
---------------+-------------------------+-----
Stealth        | 1 2 3 4 |  4.8
Poison Magic   | 1 2 |  2.0
Spellcasting   | 3 4 5 |  5.1
Transmutations | 3 4 5 |  5.5
Fighting       | 2 3 |  3.7
Ice Magic      | 1 2 |  2.0
Dodging        | 3 4 |  4.0
Unarmed Combat | 4 |  4.6

Action                   |  1- 3 |  4- 6 |  7- 9 || total
-------------------------+-------+-------+-------++-------
Melee: Unarmed           |    82 |    90 |   113 ||   285
       Constrict         |    25 |    17 |     8 ||    50
       Tentacles         |    19 |    14 |     6 ||    39
       Kick              |    22 |    19 |    10 ||    51
       Punch             |     3 |     3 |     1 ||     7
 Cast: Beastly Appendage |    27 |    21 |     6 ||    54
       Spider Form       |       |     3 |     7 ||    10
       Wereblood         |       |     1 |     2 ||     3
       Ice Form          |       |     1 |     2 ||     3
       Blade Hands       |       |       |     1 ||     1
  Use: Scroll            |       |       |     5 ||     5
       Potion            |       |       |     5 ||     5
 Stab: Sleeping          |     8 |     7 |     1 ||    16
       Distracted        |       |       |     1 ||     1
Armor: Skin              |    10 |    10 |    16 ||    36
Dodge: Dodged            |    41 |    65 |   101 ||   207
Block: Other             |       |       |     2 ||     2
